Map: Nightshade LE

Players

SpeCial - Winner!

  • Race: Terran Terran
  • League: Grandmaster
  • Spawn Location: 5:00

Rail

  • Race: Protoss Protoss
  • Spawn Location: 11:00

VOD

Have the link to the VOD?

Description

Time

  • Played on: Jan. 15, 2020, 5:45 a.m.
  • Length: 17:44
Show
View Real Time Build Order
Export as new Build Order

SpeCial Terran - Winner!

Build Orders: Reaper Expand 

Get SALT Encoding   

  12  0:00  SCV  
  13  0:13  SCV  
  14  0:17  Supply Depot  
  14  0:25  SCV  
  15  0:38  SCV  
  15  0:39  Barracks  
  16  0:43  Refinery  
  16  0:50  SCV  
  17  1:02  SCV  
  18  1:15  SCV  
  19  1:27  Orbital Command, Reaper  
  20  1:39  Command Center  
  20  1:48  Supply Depot  
  20  1:53  SCV  
  21  1:58  Marine  
  22  2:05  Factory  
  22  2:08  SCV  
  22  2:15  Refinery  
  23  2:19  Bunker  
  23  2:22  Barracks Reactor  
  23  2:24  SCV  
  24  2:36  SCV  
  25  2:48  SCV  
  25  2:49  Hellion  
  25  2:50  Starport  
  28  2:56  Orbital Command  
  28  3:00  Marine  
  28  3:01  Marine  
  28  3:05  SCV  
  31  3:11  Widow Mine  
  33  3:17  SCV, Marine  
  33  3:19  Marine  
  36  3:22  SCV  
  37  3:29  SCV  
  37  3:31  Viking  
  39  3:34  SCV, Factory Tech Lab  
  39  3:40  Marine  
  41  3:41  Marine, SCV  
  41  3:47  SCV  
  44  3:48  Supply Depot  
  44  3:53  SCV  
  45  3:59  Barracks  
  45  4:02  SCV  
  46  4:10  SCV, Barracks, Cyclone  
  46  4:11  Supply Depot  
  46  4:13  Starport Tech Lab  
  46  4:15  SCV  
  49  4:21  Marine x2  
  49  4:22  SCV  
  52  4:27  SCV  
  53  4:34  SCV  
  53  4:35  Supply Depot  
  54  4:39  Marine x2, SCV, Engineering Bay  
  54  4:41  Supply Depot  
  57  4:46  SCV  
  57  4:48  Starport Reactor  
  57  4:51  SCV  
  57  4:52  Refinery  
  59  4:55  Marauder  
  59  4:57  Marine x2  
  59  4:58  SCV  
  64  5:03  SCV, Stimpack  
  65  5:10  SCV, Marauder  
  65  5:11  Widow Mine  
  65  5:12  Terran Infantry Weapons Level 1  
  68  5:14  Supply Depot, Refinery  
  68  5:17  Marine x2  
  70  5:24  SCV  
  70  5:25  Combat Shield  
  70  5:27  Medivac  
  73  5:29  Medivac  
  73  5:34  Marine x2  
  77  5:37  Marauder x2  
  77  5:38  Supply Depot  
  81  5:44  Widow Mine  
  81  5:49  SCV x2  
  85  5:51  Missile Turret  
  85  5:52  Marine  
  86  5:59  Marine  
  86  6:00  Medivac x2  
  91  6:09  Marauder  
  91  6:10  Marine  
  94  6:15  Supply Depot  
  94  6:16  Missile Turret  
  94  6:22  Marine, SCV x2, Marauder  
  99  6:28  Marine  
  100  6:37  Command Center  
  100  6:39  Marine, Supply Depot  
  100  6:41  Marauder  
  100  6:43  Concussive Shells  
  100  6:44  Viking, Marauder  
  100  6:46  Marine  
  108  6:49  Viking  
  110  7:01  Marine, SCV x2  
  113  7:10  Marine  
  113  7:13  SCV x2, Factory Reactor  
  116  7:18  Viking  
  116  7:19  Starport, Barracks  
  116  7:21  Barracks  
  118  7:23  Marine, Terran Infantry Armor Level 1  
  118  7:25  SCV  
  118  7:28  Viking  
  116  7:33  SCV  
  116  7:35  Marine  
  116  7:37  SCV  
  116  7:41  Marine  
  116  7:42  Marauder  
  116  7:43  Marauder  
  122  7:48  Ghost Academy  
  122  7:52  Orbital Command  
  122  7:55  SCV x2  
  122  7:58  Missile Turret  
  124  8:06  Viking x2  
  124  8:11  Viking  
  130  8:13  Viking  
  130  8:16  Barracks Tech Lab  
  130  8:18  Barracks Reactor  
  130  8:19  SCV x2  
  134  8:20  SCV  
  134  8:25  Marine x2  
  134  8:26  Marauder  
  139  8:27  Marauder  
  140  8:34  Supply Depot  
  140  8:35  Supply Depot  
  140  8:36  Supply Depot  
  140  8:43  Viking x3  
  140  8:44  Widow Mine  
  148  8:54  Marine  
  149  8:56  Marine x2, Viking  
  149  8:57  Marine  
  149  9:01  Supply Depot  
  160  9:05  Supply Depot  
  160  9:06  Liberator  
  160  9:09  Widow Mine  
  162  9:12  Marine  
  162  9:14  Marine x3  
  166  9:17  SCV x3  
  172  9:24  Unknown x2  
  172  9:29  Marine  
  172  9:30  Marine x3, Unknown  
  172  9:31  Marine, Liberator  
  176  9:33  SCV x2  
  176  9:35  SCV  
  180  9:40  Refinery x2  
  180  9:45  SCV x2  
  182  9:52  Command Center  
  185  9:55  Marine  
  185  9:56  Marauder  
  185  9:57  Marine  
  189  10:01  Supply Depot  
  189  10:04  Marauder  
  155  10:08  Marine  
  155  10:09  Marauder  
  135  10:17  Marine  
  135  10:18  Marauder  
  135  10:19  Medivac x3  
  137  10:23  SCV x3  
  137  10:24  Marine  
  137  10:25  Fusion Core  
  137  10:26  Marauder  
  143  10:31  Armory  
  143  10:34  Marauder  
  143  10:35  SCV x2, Engineering Bay  
  147  10:38  Marine x2  
  147  10:40  SCV, Liberator  
  147  10:41  Marauder  
  152  10:47  SCV x2  
  152  10:49  Liberator  
  154  10:52  SCV  
  154  10:53  Liberator  
  154  10:54  Marine x2, Marauder  
  154  10:55  Liberator  
  159  10:59  SCV x2  
  164  11:09  Refinery  
  170  11:14  Marauder  
  170  11:17  Marine x2  
  170  11:18  Marine  
  175  11:22  Refinery  
  175  11:24  Advanced Ballistics  
  175  11:25  Missile Turret  
  175  11:29  Marine  
  175  11:30  Marauder  
  177  11:35  Planetary Fortress  
  177  11:41  Marine x2  
  177  11:43  Barracks x2  
  177  11:45  Barracks  
  179  11:47  Terran Infantry Weapons Level 2  
  179  11:51  Terran Infantry Armor Level 2  
  179  11:53  Marine, Marauder, Liberator  
  182  11:57  Marine, Marauder  
  182  11:58  Marauder  
  187  12:02  Sensor Tower  
  190  12:16  Terran Ship Weapons Level 1  
  190  12:29  Missile Turret, Enhanced Shockwaves  
  192  12:36  Command Center  
  191  12:39  Barracks Tech Lab x2  
  191  12:40  Barracks Reactor, Liberator x2  
  193  12:44  Marauder, Liberator  
  193  12:50  Unknown  
  193  12:52  Unknown  
  193  12:54  Marine  
  193  12:55  Marauder  
  196  13:01  Liberator  
  196  13:03  Marine  
  195  13:20  Marine, Marauder  
  195  13:22  Marauder  
  200  13:39  Liberator x2  
  200  13:44  Marauder  
  197  13:51  Marine, Marauder  
  197  13:54  Marine, Marauder  
  180  13:57  Marine x2  
  180  13:58  Marauder  
  181  14:03  Marine  
  181  14:04  Marine, Marauder  
  181  14:05  Marauder  
  181  14:08  Marine  
  188  14:11  Command Center  
  188  14:12  Terran Infantry Armor Level 3, Terran Infantry Weapons Level 3, Marauder  
  188  14:15  Command Center  
  189  14:19  Marine, Marauder  
  189  14:24  Marine, Marauder  
  177  14:25  Liberator  
  177  14:27  Marine, Marauder  
  177  14:28  Marine, Marauder  
  163  14:32  Marine  
  163  14:34  Marauder  
  163  14:35  Marine  
  163  14:37  Marine  
  161  14:41  Marine, Marauder  
  161  14:42  Medivac x3  
  161  14:44  Marine  
  151  14:45  Marine  
  151  14:46  Marauder  
  151  14:48  Marauder  
  151  14:49  Marauder  
  140  14:54  Widow Mine  
  140  14:55  Marauder  
  140  14:57  Marine  
  140  14:58  Marine  
  138  15:02  Marauder  
  138  15:03  Marine  
  138  15:06  Liberator  
  143  15:07  Marauder  
  143  15:08  Marine, Terran Ship Weapons Level 2  
  143  15:10  Marauder  
  143  15:11  Marauder  
  148  15:15  Marine  
  148  15:17  Marauder  
  148  15:18  Marine  
  152  15:24  Marauder  
  157  15:29  Marauder  
  157  15:30  Missile Turret  
  157  15:32  Marine, Liberator  
  157  15:33  Marauder  
  162  15:39  Marine, Marauder  
  162  15:40  Marauder  
  162  15:41  Marine  
  168  15:44  Marine x2  
  170  15:54  Orbital Command  
  170  16:00  Marine  
  170  16:03  Sensor Tower  
  163  16:11  Viking  
  163  16:12  Viking  
  163  16:13  Viking  
  163  16:15  Marine  
  163  16:16  Marine  
  171  16:19  Marauder  
  171  16:22  Marine  
  171  16:23  Marauder  
  175  16:29  Marauder  
  175  16:32  Marine  
  176  16:33  Marauder  
  176  16:36  Marine, Marauder  
  177  16:40  Marine  
  177  16:41  Marauder  
  177  16:43  Marine  
  177  16:44  Marauder  
  178  16:48  Viking x2  
  178  16:49  Marine x2  
  178  16:51  Marine  
  180  16:57  Marine x2, Marauder  
  180  16:58  Marauder  
  180  17:01  Viking  
  186  17:02  Marine, Viking  
  187  17:19  Marine  
  187  17:20  Marauder  
  187  17:21  Marauder  
  187  17:22  Marine, Marauder  
  187  17:23  Marauder  
Show
View Real Time Build Order
Export as new Build Order

Rail Protoss 

Build Orders: 1 Gate Expand, Phoenix Opening, Colossus Rush 

Get SALT Encoding   

  12  0:00  Probe  
  13  0:13  Probe  
  14  0:17  Pylon  
  14  0:25  Probe (Chrono Boost)  
  16  0:36  Gateway  
  16  0:37  Probe (Chrono Boost)  
  16  0:43  Probe (Chrono Boost)  
  16  0:46  Assimilator  
  17  0:51  Probe  
  18  1:03  Probe  
  19  1:15  Probe  
  20  1:22  Nexus  
  20  1:32  Cybernetics Core  
  20  1:35  Probe  
  21  1:40  Assimilator  
  21  1:47  Probe  
  21  1:50  Pylon  
  22  1:59  Probe  
  23  2:05  Adept (Chrono Boost)  
  23  2:11  Probe  
  26  2:20  Stargate  
  26  2:24  Probe  
  26  2:28  Adept  
  29  2:37  Probe x2 (Chrono Boost)  
  29  2:39  Warp Gate  
  31  2:49  Probe x2 (Chrono Boost)  
  33  2:54  Probe x2 (Chrono Boost)  
  35  2:58  Adept  
  35  3:03  Probe x2  
  39  3:05  Phoenix (Chrono Boost)  
  41  3:13  Pylon  
  41  3:15  Probe  
  41  3:16  Probe  
  43  3:24  Phoenix (Chrono Boost)  
  45  3:27  Probe  
  45  3:31  Probe  
  46  3:42  Probe  
  46  3:45  Phoenix  
  46  3:46  Probe  
  50  3:49  Gateway  
  50  3:54  Robotics Facility  
  50  3:55  Probe  
  51  3:57  Assimilator  
  51  4:00  Assimilator  
  51  4:02  Pylon  
  51  4:05  Probe  
  53  4:10  Probe (Chrono Boost)  
  53  4:15  Pylon  
  53  4:20  Phoenix, Probe (Chrono Boost)  
  53  4:21  Pylon  
  56  4:30  Probe x2 (Chrono Boost)  
  56  4:31  Zealot  
  60  4:36  Probe, Nexus  
  61  4:43  Zealot, Observer  
  64  4:49  Robotics Bay  
  64  4:51  Zealot  
  66  4:55  Phoenix  
  67  5:02  Probe  
  67  5:04  Probe  
  67  5:05  Zealot  
  69  5:12  Pylon, Sentry  
  69  5:14  Probe (Chrono Boost)  
  73  5:22  Probe (Chrono Boost)  
  73  5:25  Probe (Chrono Boost), Pylon  
  74  5:30  Probe x2 (Chrono Boost), Zealot  
  74  5:32  Colossus (Chrono Boost)  
  78  5:38  Stalker  
  78  5:40  Pylon  
  86  5:43  Probe  
  86  5:46  Phoenix  
  86  5:48  Probe  
  90  5:50  Probe  
  90  5:57  Probe (Chrono Boost)  
  92  6:00  Extended Thermal Lance  
  92  6:02  Probe (Chrono Boost)  
  92  6:03  Probe (Chrono Boost)  
  94  6:07  Shield Battery  
  94  6:11  Colossus (Chrono Boost)  
  95  6:14  Probe (Chrono Boost)  
  95  6:15  Probe (Chrono Boost)  
  95  6:16  Probe (Chrono Boost)  
  103  6:19  Pylon  
  103  6:20  Probe  
  103  6:22  Probe  
  103  6:24  Probe, Sentry  
  108  6:27  Pylon  
  108  6:30  Zealot  
  108  6:31  Phoenix  
  108  6:32  Probe  
  113  6:37  Probe, Pylon  
  113  6:38  Probe  
  115  6:40  Assimilator  
  115  6:42  Assimilator  
  115  6:44  Gateway  
  115  6:47  Gateway  
  115  6:50  Stalker  
  115  6:52  Zealot  
  119  7:00  Disruptor  
  119  7:03  Probe (Chrono Boost)  
  119  7:05  Probe (Chrono Boost)  
  112  7:14  Probe (Chrono Boost), Zealot, Stalker  
  117  7:15  Probe (Chrono Boost)  
  117  7:20  Probe (Chrono Boost)  
  117  7:21  Probe (Chrono Boost)  
  119  7:23  Probe (Chrono Boost)  
  119  7:27  Probe  
  120  7:37  Probe, Forge  
  120  7:38  Forge  
  120  7:39  Probe  
  120  7:40  Twilight Council, Stalker x3  
  120  7:43  Robotics Facility  
  128  7:44  Probe  
  128  7:46  Pylon  
  128  7:47  Pylon  
  128  7:50  Probe  
  130  7:53  Pylon  
  130  7:54  Probe, Disruptor  
  134  8:01  Pylon  
  134  8:04  Protoss Ground Armor Level 1 (Chrono Boost)  
  134  8:11  Protoss Ground Weapons Level 1 (Chrono Boost)  
  134  8:14  Blink (Chrono Boost)  
  134  8:15  Photon Cannon, Sentry, Stalker  
  134  8:17  Pylon  
  138  8:23  Photon Cannon  
  138  8:26  Probe  
  138  8:27  Probe  
  140  8:30  Disruptor  
  140  8:31  Disruptor  
  146  8:36  Zealot x2  
  146  8:40  Stalker  
  152  8:41  Stalker  
  154  8:54  Gateway  
  154  8:55  Gateway  
  154  9:01  Pylon  
  154  9:06  Disruptor  
  154  9:09  Nexus  
  157  9:14  Stalker x3  
  163  9:18  Disruptor  
  166  9:28  Stalker  
  168  9:38  Stalker x3  
  172  9:40  Pylon  
  174  9:47  Disruptor  
  175  9:57  Stalker x3  
  179  10:01  Charge  
  160  10:14  Stalker, Disruptor  
  139  10:15  Protoss Ground Armor Level 2 (Chrono Boost), Stalker x2  
  136  10:22  Zealot x3  
  136  10:24  Probe x2, Protoss Ground Weapons Level 2 (Chrono Boost), Gateway  
  136  10:25  Gateway  
  144  10:37  Probe x2  
  144  10:39  Stalker x2  
  150  10:43  Colossus  
  150  10:44  Probe  
  150  10:46  Probe  
  158  10:51  Stalker  
  158  10:52  Stalker  
  158  10:55  Zealot, Stalker  
  166  11:01  Disruptor  
  169  11:07  Zealot x2  
  171  11:16  Stalker x3  
  171  11:17  Probe  
  178  11:23  Photon Cannon  
  178  11:29  Sentry, Stalker x2  
  184  11:33  Stalker x2  
  184  11:36  Warp Prism  
  190  11:41  Photon Cannon  
  190  11:44  Stalker x2  
  190  11:45  Stalker  
  196  11:58  Zealot, Stalker  
  200  12:09  Photon Cannon, Assimilator  
  200  12:10  Photon Cannon  
  200  12:11  Assimilator  
  200  12:15  Photon Cannon x2  
  200  12:17  Protoss Ground Weapons Level 3 (Chrono Boost)  
  200  12:22  Protoss Ground Armor Level 3 (Chrono Boost)  
  200  12:28  Stargate  
  200  12:29  Fleet Beacon  
  194  13:02  Disruptor  
  187  13:08  Probe  
  187  13:10  Zealot, Stalker x2  
  187  13:11  Zealot x3  
  200  13:18  Stalker  
  200  13:19  Stalker  
  192  13:20  Tempest, Disruptor  
  198  13:33  Stalker  
  200  13:37  Gateway  
  200  13:38  Gateway  
  180  13:57  Zealot x3, Stalker  
  184  14:05  Stalker  
  184  14:08  Pylon  
  181  14:10  Pylon  
  178  14:19  Colossus  
  178  14:21  Colossus  
  160  14:32  Stalker x5  
  160  14:33  Stalker x3  
  160  14:34  Tempest  
  158  14:38  Stalker x2  
  158  14:39  Tempest  
  114  14:55  Nexus  
  114  14:59  Sentry  
  106  15:00  Zealot x6, Stalker  
  106  15:05  Sentry, Stalker  
  124  15:13  Disruptor  
  127  15:15  Disruptor  
  130  15:24  Sentry, Stalker  
  130  15:25  Stalker  
  130  15:26  Zealot  
  138  15:30  Sentry  
  137  15:36  Stalker  
  137  15:48  Disruptor  
  140  16:02  Stalker x3  
  139  16:21  Disruptor  
  138  16:43  Disruptor  
  135  16:47  Tempest (Chrono Boost)  
  145  17:03  Tempest (Chrono Boost)  
  145  17:04  Assimilator, Stalker x2  
  148  17:13  Stalker  
  144  17:29  Zealot x5, Stalker  
  156  17:30  Zealot x2  
Tags
 
Add a new tag
Caveats
  • Supply blocks, unpowered buildings, or Contaminate may cause inaccurate times.
  • Supply counts are checked every 10 seconds.